 Dungeon Crawl Stone Soup version 0.13.0-28-g1b50097 (webtiles) character file.

367 Grandi the Magician (level 5, -10/33 HPs)
             Began as a Human Wizard on Nov 3, 2013.
             Mangled by Menkaure (16 damage)
             ... on Level 3 of the Dungeon.
             The game lasted 00:25:35 (4237 turns).

Grandi the Magician (Human Wizard)                  Turns: 4237, Time: 00:25:36

HP -10/33        AC  5     Str  7      XL: 5   Next: 71%
MP   1/13        EV 12     Int 19      God:
Gold 205         SH  0     Dex 12      Spells:  5 memorised,  0 levels left

Res.Fire  : . . .   See Invis. : .   E - +0 spear
Res.Cold  : . . .   Warding    : .   L - +1 robe
Life Prot.: . . .   Conserve   : .   (no shield)
Res.Poison: .       Res.Corr.  : .   b - +0 wizard hat
Res.Elec. : .       Clarity    : .   I - +1 cloak
Sust.Abil.: . .     Spirit.Shd : .   (no gloves)
Res.Mut.  : .       Stasis     : .   (no boots)
Res.Rott. : .       Flight     : .   (no amulet)
Saprovore : . . .                    (no ring)
                                     (no ring)

@: very slightly contaminated, slightly resistant to hostile enchantments,
fairly stealthy
A: no striking features
a: no special abilities


You were on level 3 of the Dungeon.
You were not hungry.

You visited 1 branch of the dungeon, and saw 4 of its levels.

You collected 185 gold pieces.

Inventory:

Hand weapons
 i - a +0,+0 short sword
 s - a +0,+1 dwarven dagger
 t - a +0,+0 spear
 E - a +0,+0 spear (weapon)
 F - a +0,+0 dagger
Missiles
 h - 35 darts (quivered)
 r - 3 darts of frost
Armour
 a - a +0 robe
 b - a +0 wizard hat (worn)
 x - a +0 robe
 I - a +1 cloak (worn)
 L - a +1 robe (worn)
 M - a +0 leather armour
Magical devices
 G - a wand of frost (9)
Comestibles
 d - 5 bread rations
 z - a meat ration
 B - 12 sultanas
Scrolls
 e - a scroll of enchant armour {unknown}
 g - a scroll of recharging {unknown}
 j - a scroll of identify {unknown}
 k - a scroll of random uselessness {unknown}
 l - a scroll of fog {unknown}
 o - 4 scrolls of noise {unknown}
 p - 5 scrolls of remove curse {unknown}
 q - 2 scrolls of blinking {unknown}
 y - 2 scrolls of magic mapping {unknown}
 H - a scroll of curse weapon {unknown}
Jewellery
 v - an uncursed ring of fire
Potions
 m - a potion of curing
 n - a potion of slowing {unknown}
 u - 3 potions of heal wounds {unknown}
 A - a potion of porridge {unknown}
 C - 2 potions of poison {unknown}
 K - a potion of might {unknown}
Books
 c - a book of Minor Magic

   Spells                             Type                      Level
   *Magic Dart                        Conjuration                  1
   *Blink                             Translocation                2
   *Call Imp                          Summoning                    2
   Repel Missiles                     Charms/Air                   2
   Slow                               Hexes                        2
   *Conjure Flame                     Conjuration/Fire             3
   *Mephitic Cloud                    Conjuration/Poison/Air       3


   Skills:
 * Level 1.3 Fighting
 * Level 2.2 Armour
 + Level 2.7 Dodging
 + Level 2.6 Stealth
 + Level 3.8 Spellcasting
 + Level 1.2 Conjurations
 + Level 1.7 Summonings
 + Level 1.0 Translocations


You couldn't memorise any spells.
You knew the following spells:

 Your Spells              Type           Power        Failure   Level  Hunger
a - Magic Dart            Conj           #...         10%         1    None
b - Blink                 Tloc           N/A          17%         2    ##.....
c - Call Imp              Summ           ##........   12%         2    ##.....
d - Mephitic Cloud        Conj/Pois/Air  #.......     38%         3    ###....
e - Conjure Flame         Conj/Fire      #.......     34%         3    ###....


Dungeon Overview and Level Annotations

Branches:
Dungeon (4/27)
 Temple: D:4-7

Altars:
Trog
the Shining One

Annotations:
D:3 Menkaure


Message History

Read which item? (? for menu, Esc to quit)
Okay, then.
Casting: Call Imp
Confirm with . or Enter, or press ? or * to list all spells.
You blink.
Menkaure gestures at you while chanting.
Pain shoots through your body!
* * * LOW HITPOINT WARNING * * *
Casting: Blink
Confirm with . or Enter, or press ? or * to list all spells.
A beastly little devil appears in a puff of flame.
Menkaure gestures at you while chanting.
You resist.
Your crimson imp hits Menkaure but does no damage.
Casting: Call Imp
Confirm with . or Enter, or press ? or * to list all spells.
You miscast Call Imp.
Strange energies run through your body.
Your crimson imp blinks!
Menkaure hits you!
You die...

#.#####.)...#.#.#####.###.#
#.# #.....#.#.# #.#...#
#.#######....(..#####.#...#
#.#......#.##.###.....#...#
#######.#......#.##.#
#.######.##
.................##.# #.#
#.#
....................###.#
#.##
####....#......#M#....#.#
#...
.....##.########@#....#.#
####
.###..#.########.#....#.#
####
##A##.........##.##'###.#
#... ##.###........##.##.#
#.# #.##
##.####...)...##.##.#
#.######.#
.._..>#.......##.##.#
#.....##.#
##.####.......##.##.#
#####.##.#
##.###........##.##.#
#.##.#
##>##.........##.##.#
#....#


You could see Menkaure.

Vanquished Creatures
  Sigmund (D:2)
  An inept item mimic (D:3)
  An ooze (D:1)
  An orc (D:3)
  7 bats
  6 giant cockroaches
  8 hobgoblins
  2 ball pythons
  2 giant newts (D:3)
  8 goblins
  4 kobolds
  5 rats
46 creatures vanquished.

Vanquished Creatures (collateral kills)
  6 adders
  An inept feature mimic (D:2)
  3 worms
  2 giant geckos
  3 orcs (D:3)
  A goblin (D:2)
  5 hobgoblins
  3 jackals (D:3)
  2 kobolds (D:2)
  A quokka (D:2)
  A bat (D:1)
  A giant cockroach (D:2)
  A giant newt (D:1)
  3 rats
33 creatures vanquished.

Vanquished Creatures (others)
  A white imp (D:3)
  2 shadow imps
3 creatures vanquished.

Grand Total: 82 creatures vanquished

Notes
Turn   | Place    | Note
--------------------------------------------------------------
     0 | D:1      | Grandi, the Human Wizard, began the quest for the Orb.
     0 | D:1      | Reached XP level 1. HP: 11/11 MP: 5/5
   242 | D:1      | Reached XP level 2. HP: 12/17 MP: 4/7
   246 | D:1      | Learned a level 2 spell: Blink
   249 | D:1      | Learned a level 2 spell: Call Imp
   758 | D:1      | Reached XP level 3. HP: 10/22 MP: 9/9
   994 | D:1      | Learned a level 3 spell: Mephitic Cloud
  1006 | D:1      | Reached skill level 1 in Armour
  1216 | D:2      | Found a bloodstained altar of Trog.
  1575 | D:2      | HP: 1/22 [adder (3)]
  2037 | D:2      | Reached XP level 4. HP: 20/28 MP: 6/11
  2474 | D:2      | Noticed Sigmund
  2490 | D:2      | Killed Sigmund
  2490 | D:2      | Reached skill level 1 in Fighting
  2490 | D:2      | Reached XP level 5. HP: 27/33 MP: 0/13
  2768 | D:2      | Learned a level 3 spell: Conjure Flame
  2883 | D:3      | Found a glowing golden altar of the Shining One.
  2883 | D:3      | Noticed an angel
  3945 | D:4      | Noticed Menkaure
  4237 | D:3      | Mangled by Menkaure

Action                   |  1- 3 |  4- 6 || total
-------------------------+-------+-------++-------
Melee: Short sword       |    65 |    25 ||    90
       Spear             |       |     2 ||     2
 Cast: Magic Dart        |    50 |    27 ||    77
       Call Imp          |    20 |    33 ||    53
       Blink             |     2 |     1 ||     3
       Mephitic Cloud    |       |     1 ||     1
Evoke: Wand              |       |     2 ||     2
  Use: Potion            |     2 |       ||     2
 Stab: Sleeping          |       |     2 ||     2
